AoeStats
← Trexology

Arabia

510318451Analyzed
1v1 RM · 10h ago on Sep 30, 2026· 38m 28s· 2 players
Game mode
Random Map
Map size
Tiny (2 player)
Population
200
Speed
Normal
Resources
Standard
Victory
Conquest
Starting age
Dark Age
Ending age
Imperial Age
RankedLock teamsTeams togetherTeam positionsShared explorationLock speedFull tech treeHidden civsTurbo modeCheats
Victory
Defeat
🇨🇱 Lithuanians · Chile
1089
+16
🇩🇪 Byzantines · Germany
1092
-16
Condorito
6:27 Loom
8:44 Feudal Age
10:19 Man-at-Arms
13:46 Horse Collar
13:53 Double-Bit Axe
15:55 Wheelbarrow
19:32 Castle Age
18:19 Fletching
18:52 Padded Archer Armor
19:28 Scale Barding Armor
20:10 Forging
19:42 Crossbowman
21:10 Thumb Ring
22:30 Bow Saw
24:05 Husbandry
26:16 Bloodlines
28:07 Iron Casting
30:17 Hand Cart
30:45 Town Watch
31:27 Heavy Plow
32:57 Chain Barding Armor
39:32 Imperial Age
38:59 Bodkin Arrow
Trexology
7:35 Loom
10:20 Feudal Age
10:24 Man-at-Arms
14:02 Double-Bit Axe
14:32 Horse Collar
19:43 Fletching
20:55 Padded Archer Armor
25:27 Castle Age
25:52 Forging
25:44 Scale Mail Armor
25:39 Gold Mining
25:44 Crossbowman
26:30 Thumb Ring
26:41 Pikeman
30:33 Chain Mail Armor
36:16 Heavy Plow
38:42 Iron Casting
Connection lost

Rejoining the realm…

Still unreachable

The connection could not be restored.

Session expired

The server has moved on; the page needs a fresh start.